 Dungeon Crawl Stone Soup version 0.19.1 (webtiles) character file.

27081 Ice the Archer (level 13, 0/150 HPs)
             Began as a Minotaur Berserker on Dec 2, 2016.
             Was a High Priest of Trog.
             Slain by a naga warrior
             ... wielding a +0 long sword
              (9 damage)
             ... on level 2 of the Snake Pit.
             The game lasted 02:00:46 (14062 turns).

Ice the Archer (Minotaur Berserker)                Turns: 14062, Time: 02:00:47

Health: 0/150      AC: 16    Str: 28    XL:     13   Next: 2%
Magic:  4/4        EV: 15    Int:  8    God:    Trog [*****.]
Gold:   799        SH:  0    Dex: 14    Spells: 0 memorised, 12 levels left

rFire  + . .     SeeInvis .     T - +0 long sword of the Evil Eye {antimagic, rPois rC+ Str-4} (curse)
rCold  + . .     Gourm    .     u - +0 ring mail "Teusosude" {rF+ Str+4 Int+4 Slay+2}
rNeg   . . .     Faith    .     (no shield)
rPois  +         Spirit   .     (helmet restricted)
rElec  .         Reflect  .     Z - +2 cloak
rCorr  .         Harm     .     m - +2 pair of gloves
MR     +++..                    v - +2 pair of boots
Stlth  ..........               a - amulet of regeneration
                                f - +3 ring of evasion
                                k - ring of protection from magic (curse)

@: berserking, lethally poisoned (0 -> 0), regenerating, constricted, very quick
A: retaliatory headbutt, horns 2
a: Berserk, Trog's Hand, Brothers in Arms, Burn Spellbooks, Renounce Religion


You were on level 2 of the Snake Pit.
You worshipped Trog.
Trog was extremely pleased with you.
You were not hungry.

You visited 3 branches of the dungeon, and saw 15 of its levels.
You also visited: Ice Cave.

You collected 1387 gold pieces.
You spent 588 gold pieces at shops.

Inventory:

Hand Weapons
 e - a +0 hunting sling
 o - a +2 war axe of flaming
 y - a +0 dagger of venom
 B - the +7 demon blade of Sihasa {antimagic, Int+6, unknown}
   (Trog gifted it to you on level 1 of the Snake Pit)

   It reduces the magical energy of the wielder, and disrupts the spells and
   magical abilities of those hit.
   Natural abilities and divine invocations are not affected.
   It affects your intelligence (+6).
 G - a +3 shortbow of flaming
 N - a +6 falchion of freezing
 T - the cursed +0 long sword of the Evil Eye (weapon) {antimagic, rPois rC+ Str-4}
   (You found it on level 1 of the Snake Pit)

   It reduces the magical energy of the wielder, and disrupts the spells and
   magical abilities of those hit.
   Natural abilities and divine invocations are not affected.
   It affects your strength (-4).
   It protects you from cold.
   It protects you from poison.
   It has a curse placed upon it.
Missiles
 h - 115 bolts
 p - 85 sling bullets
 H - 192 arrows
 U - 270 stones (quivered)
Armour
 m - a +2 pair of gloves (worn)
 u - the +0 ring mail "Teusosude" (worn) {rF+ Str+4 Int+4 Slay+2}
   (You found it on level 6 of the Dungeon)

   It affects your strength (+4).
   It affects your intelligence (+4).
   It affects your accuracy and damage with ranged weapons and melee attacks
   (+2).
   It protects you from fire.
 v - a +2 pair of boots (worn)
 C - the cursed +0 robe of Vaoliex {MR+ Str+3, unknown}
   (You found it on level 1 of the Snake Pit)

   It affects your strength (+3).
   It affects your resistance to hostile enchantments.
   It has a curse placed upon it.
 Z - a +2 cloak (worn)
Jewellery
 a - an amulet of regeneration (around neck)
 f - a +3 ring of evasion (right hand)
 i - a +4 ring of protection
 k - a cursed ring of protection from magic (left hand)
Wands
 g - a wand of iceblast (3/15)
 t - a wand of acid (10/15)
 D - a wand of iceblast (4/15)
 K - a wand of enslavement (4/24)
 M - a wand of slowing (39/48)
 P - a wand of flame (15/48)
 V - a wand of confusion (8/48)
 Y - a wand of flame (18/48)
Scrolls
 d - 4 scrolls of recharging
 n - 4 scrolls of teleportation
 w - a scroll of immolation
 I - 2 scrolls of fear
 Q - 2 scrolls of fog
 S - a scroll of silence
 X - a scroll of blinking
Potions
 b - 2 potions of agility
 j - 3 potions of heal wounds
 l - 3 potions of curing {unknown}
 q - 4 potions of haste
 s - a potion of might {unknown}
 z - 2 potions of degeneration {unknown}
 A - 2 potions of lignification
 L - a potion of ambrosia {unknown}
 O - a potion of beneficial mutation {unknown}
 W - 2 potions of magic {unknown}
Books
 F - a book of the Earth

   Spells                             Type                      Level
   a - Leda's Liquefaction            Hexes/Earth                  4
   b - Bolt of Magma                  Conjuration/Fire/Earth       5
   c - Statue Form                    Transmutation/Earth          6
   d - Iron Shot                      Conjuration/Earth            6
   e - Shatter                        Earth                        9
   Trog disapproves of the use of such an item.
Comestibles
 c - 8 bread rations
 r - a slice of pizza
 E - 26 fruits
 J - 5 meat rations


   Skills:
 - Level 5.0 Fighting
 + Level 11.1 Long Blades
 - Level 10.6(10.9) Axes
   Level 3.6(7.7) Maces & Flails
 - Level 8.2(9.0) Slings
 - Level 14.0 Bows
 - Level 5.3(7.1) Throwing
 - Level 5.7 Armour
 - Level 7.1 Dodging
 - Level 0.5 Stealth


You had 12 spell levels left.
You didn't know any spells.

Dungeon Overview and Level Annotations

Branches:
Dungeon (10/15)            Temple (0/1) D:5            Lair (3/6) D:9
  Snake (2/4) Lair:3
  Swamp: Lair:2-4    Shoals: Lair:2-4       Orc: D:9-12

Altars:
Cheibriados
Dithmenos
Gozag
Nemelex Xobeh
Okawaru
Ru
Xom
The Shining One

Shops:
D:9 ?

Annotations:
D:6 Eustachio


Innate Abilities, Weirdness & Mutations

You reflexively headbutt those who attack you in melee.
You have a pair of horns on your head.


Message History

The splash of poison misses you.
* * * LOW HITPOINT WARNING * * *
The naga warrior constricts you.
You barely miss the naga warrior. You headbutt the naga warrior.
The naga warrior is severely wounded.
The naga warrior misses you.
* * * LOW HITPOINT WARNING * * *
The naga warrior constricts you.
Your skin crawls.
You feel resistant to hostile enchantments.
You feel somewhat more hungry.
You feel sick.
The naga warrior hits you with a long sword!
* * * LOW HITPOINT WARNING * * *
x2 The naga warrior constricts you.
A red film seems to cover your vision as you go berserk!
You feel yourself moving faster!
You feel mighty!
You feel a lot more hungry.
You hit the naga warrior. You headbutt the naga warrior!
The naga warrior is almost dead.
The naga warrior hits you with a long sword!
You die...

#........##.......##..
..........###..#####.
.....##.........##..## #.
.....##...........#..## #.
....(.##....?..#.####.###.
....(.###....##..#.###...#
....... #....###....###.##
.......###.###........#.#.
..(.....N@###.........##..
........##.##.........##.#
........##.##.........#.##
#.....####.##..........##
###### #.##.........##
#..#..........
.##..........## #
#.........## #........#


You could see a naga warrior.

Vanquished Creatures
  2 ice dragons (IceCv)
  A hydra (Lair:1)
  A naga warrior (Snake:1)
  A shock serpent (Snake:1)
  5 sea snakes (Snake:1)
  The ghost of sapthan the Digger, a novice GrEE of Vehumet (D:8)
  A mana viper (Snake:2)
  A naga ritualist (Snake:1)
  2 elephants
  3 salamanders
  10 black mambas
  2 ice statues (IceCv)
  3 naga magi (Snake:1)
  5 spiny frogs
  A komodo dragon (Lair:2)
  2 rime drakes (IceCv)
  2 hippogriffs
  2 wyverns
  18 yaks
  2 basilisks (Lair:1)
  A steam dragon (D:7)
  A hungry ghost (D:5)
  10 nagas
  2 porcupines (Lair:1)
  2 orc warriors
  4 water moccasins
  15 ice beasts
  2 phantoms
  A black bear (D:8)
  A necrophage (D:7)
  5 ogres
  4 centaurs
  5 crocodiles
  A big kobold (D:9)
  7 bullfrogs
  3 scorpions
  8 killer bees
  5 wights (D:8)
  5 electric eels (Snake:1)
  4 crimson imps
  3 jellies
  2 orc priests
  2 hounds
  8 orc wizards
  An iguana (D:6)
  Ijyb (D:3)
  2 worker ants (D:5)
  A hound skeleton (D:7)
  4 gnolls (D:4)
  6 adders
  2 howler monkey skeletons
  6 river rats (D:4)
  2 shadow imps
  12 white imps (Lair:3)
  2 adder zombies
  An ooze (D:2)
  2 adder skeletons (D:4)
  2 worms
  4 leopard geckos
  29 orcs
  4 ball pythons
  6 giant cockroaches
  6 goblins
  6 hobgoblins
  11 jackals
  5 kobolds
  6 quokkas
  6 bats
  9 frilled lizards
  A leopard gecko skeleton (D:5)
  19 rats
322 creatures vanquished.

Vanquished Creatures (others)
  An adder (D:7)
  A fungus (Lair:1)
  9 plants
11 creatures vanquished.

Grand Total: 333 creatures vanquished

Notes
Turn   | Place    | Note
-------+----------+-------------------------------------------
     0 | D:1      | Ice the Minotaur Berserker began the quest for the Orb.
     0 | D:1      | Reached XP level 1. HP: 19/19 MP: 0/0
   309 | D:1      | Reached XP level 2. HP: 25/26 MP: 1/1
  1097 | D:2      | Reached XP level 3. HP: 31/31 MP: 2/2
  1422 | D:2      | Reached ** piety under Trog
  1436 | D:2      | Found an opulent altar of Gozag.
  1990 | D:2      | Reached XP level 4. HP: 39/39 MP: 3/3
  2027 | D:2      | Found a shadowy altar of Dithmenos.
  2191 | D:3      | Reached skill level 5 in Dodging
  2266 | D:3      | Found a glowing golden altar of the Shining One.
  2413 | D:3      | Noticed Ijyb
  2421 | D:3      | Killed Ijyb
  2994 | D:4      | Found a sparkling altar of Nemelex Xobeh.
  3005 | D:4      | Reached XP level 5. HP: 44/47 MP: 4/4
  3127 | D:4      | Reached skill level 5 in Fighting
  3139 | D:4      | Reached skill level 1 in Slings
  3315 | D:4      | Reached *** piety under Trog
  3516 | D:4      | Reached XP level 6. HP: 56/56 MP: 5/5
  3840 | D:5      | Entered Level 5 of the Dungeon
  3843 | D:5      | Noticed a hungry ghost
  3867 | D:5      | Killed a hungry ghost
  3867 | D:5      | Reached skill level 5 in Slings
  3897 | D:5      | Found a staircase to the Ecumenical Temple.
  3930 | D:5      | Noticed an ice beast
  3943 | D:5      | Killed an ice beast
  3943 | D:5      | Reached XP level 7. HP: 54/61 MP: 6/6
  4101 | D:5      | Found a sacrificial altar of Ru.
  4229 | D:5      | Reached **** piety under Trog
  4585 | D:6      | Found an iron altar of Okawaru.
  4592 | D:6      | Reached skill level 1 in Bows
  4654 | D:6      | Noticed Eustachio
  4855 | D:6      | Reached skill level 2 in Bows
  4855 | D:6      | Reached XP level 8. HP: 26/68 MP: 7/7
  4952 | D:6      | Found a shimmering altar of Xom.
  4958 | D:6      | Found a snail-covered altar of Cheibriados.
  5032 | D:6      | Reached skill level 3 in Bows
  5105 | D:6      | Got a spiked ring mail
  5168 | D:6      | Reached skill level 4 in Bows
  5323 | D:6      | Received a gift from Trog
  5488 | D:7      | Reached skill level 5 in Bows
  5724 | D:7      | Reached skill level 6 in Bows
  5878 | D:7      | Identified the cursed +0 ring mail "Teusosude" {rF+ Str+4 Int+4 Slay+2} (You found it on level 6 of the Dungeon)
  5905 | D:7      | Reached skill level 7 in Bows
  5992 | D:7      | Received a gift from Trog
  6119 | D:7      | Reached skill level 8 in Bows
  6119 | D:7      | Reached XP level 9. HP: 66/74 MP: 8/8
  6526 | D:8      | Reached skill level 9 in Bows
  6732 | D:8      | Reached skill level 10 in Bows
  6793 | D:8      | Found a sand-covered staircase.
  6901 | D:8      | Noticed sapthan's ghost (novice GrEE)
  6921 | D:8      | HP: 3/111 [sapthan's ghost (13)]
  6922 | D:8      | Killed sapthan's ghost
  6922 | D:8      | Reached skill level 11 in Bows
  6982 | D:8      | Reached ***** piety under Trog
  7419 | D:8      | Reached XP level 10. HP: 81/81 MP: 9/9
  7585 | D:9      | Reached skill level 12 in Bows
  7625 | D:9      | Found Weem's Magic Scroll Shop.
  7693 | D:9      | Bought a scroll of teleportation for 36 gold pieces
  7693 | D:9      | Bought a scroll of recharging for 114 gold pieces
  7693 | D:9      | Bought a scroll of recharging for 114 gold pieces
  7693 | D:9      | Bought a scroll of silence for 90 gold pieces
  7693 | D:9      | Bought a scroll of enchant weapon for 90 gold pieces
  7693 | D:9      | Bought a scroll of enchant weapon for 90 gold pieces
  7693 | D:9      | Bought a scroll of amnesia for 42 gold pieces
  7693 | D:9      | Bought a scroll of noise for 12 gold pieces
  7784 | D:9      | Reached skill level 13 in Bows
  7947 | D:9      | Found a staircase to the Lair.
  8126 | D:10     | Entered Level 10 of the Dungeon
  8178 | Lair:1   | Entered Level 1 of the Lair of Beasts
  8229 | Lair:1   | Reached skill level 14 in Bows
  8305 | Lair:1   | Reached skill level 1 in Long Blades
  8375 | Lair:1   | Noticed a spiny frog
  8382 | Lair:1   | Killed a spiny frog
  8439 | Lair:1   | You fall through a shaft!
  8484 | Lair:1   | Received a gift from Trog
  8489 | Lair:1   | Noticed a seven-headed hydra
  8513 | Lair:1   | Reached skill level 5 in Long Blades
  8595 | Lair:2   | Noticed a black mamba
  8599 | Lair:2   | Killed a black mamba
  8599 | Lair:2   | Reached XP level 11. HP: 86/86 MP: 10/10
  8872 | Lair:1   | Killed a nine-headed hydra
  8968 | Lair:1   | Received a gift from Trog
  9767 | Lair:2   | Reached skill level 10 in Long Blades
  9957 | Lair:3   | Received a gift from Trog
  9959 | Lair:3   | Found a frozen archway.
 10004 | IceCv    | Entered an ice cave
 10033 | IceCv    | Reached skill level 5 in Axes
 10263 | IceCv    | Received a gift from Trog
 10463 | IceCv    | Noticed an ice dragon
 10478 | IceCv    | HP: 3/86 [ice dragon/blast of cold (27)]
 10483 | IceCv    | Killed an ice dragon
 10573 | IceCv    | Noticed an ice dragon
 10582 | IceCv    | Killed an ice dragon
 10691 | IceCv    | Got a bound lead ring
 10698 | IceCv    | Identified the ring of Mora Zoe {rElec rC+ MP+9} (You found it in an ice cave)
 10922 | Lair:3   | Noticed an eight-headed hydra
 10976 | Lair:2   | Reached XP level 12. HP: 85/94 MP: 11/11
 11016 | Lair:3   | Noticed a six-headed hydra
 11028 | Lair:3   | Found a staircase to the Snake Pit.
 11328 | Snake:1  | Entered Level 1 of the Snake Pit
 11345 | Snake:1  | Received a gift from Trog
 11419 | Snake:1  | Reached skill level 10 in Axes
 11476 | Snake:1  | Got a translucent long sword
 11496 | Snake:1  | Identified the cursed +0 long sword of the Evil Eye {antimagic, rPois rC+ Str-4} (You found it on level 1 of the Snake Pit)
 11514 | Snake:1  | Got a crude robe
 11896 | Snake:1  | Reached skill level 5 in Armour
 11909 | Snake:1  | HP: 4/94 [poisoned by a sea snake]
 11914 | Snake:1  | HP: 4/94 [poisoned by a sea snake]
 13054 | Snake:1  | Noticed a naga warrior
 13062 | Snake:1  | Reached skill level 1 in Throwing
 13076 | Snake:1  | Killed a naga warrior
 13550 | Snake:1  | Received a gift from Trog
 13556 | Snake:1  | Got a transparent demon blade {god gift}
 13620 | Snake:1  | Reached skill level 5 in Throwing
 13975 | Snake:2  | Reached XP level 13. HP: 80/100 MP: 4/12
 14060 | Snake:2  | HP: 4/100 [naga warrior/long sword (5)]
 14062 | Snake:2  | Slain by a naga warrior

Skill      XL: |  1  2  3  4  5  6  7  8  9 10 11 12 |
---------------+-------------------------------------+-----
Dodging        | 3 4 5 7 |  7.1
Fighting       | 4 5 |  5.0
Slings         | 3 6 8 |  8.2
Bows           | 2 8 11 14 | 14.0
Long Blades    | 6 10 11 | 11.1
Axes           | 9 10 | 10.6
Armour         | 5 |  5.7
Throwing       | 5 |  5.3
Maces & Flails | |  3.6
Stealth        | |  0.5

Action                   |  1- 3 |  4- 6 |  7- 9 | 10-12 | 13-15 || total
-------------------------+-------+-------+-------+-------+-------++-------
Melee: Mace              |    37 |       |       |       |       ||    37
       Headbutt          |    11 |    22 |    33 |   116 |     8 ||   190
       Long sword        |    16 |       |       |   179 |    24 ||   219
       Dagger            |     7 |    43 |    20 |       |       ||    70
       Trident           |       |     4 |       |       |       ||     4
       Hand axe          |       |    58 |       |       |       ||    58
       Spear             |       |     1 |       |       |       ||     1
       War axe           |       |     6 |   196 |   105 |       ||   307
       Great sword       |       |       |    11 |       |       ||    11
       Falchion          |       |       |       |   100 |       ||   100
 Fire: Hunting sling     |    40 |    30 |    23 |       |       ||    93
       Shortbow          |       |       |   148 |   197 |       ||   345
Throw: Stone             |    25 |    85 |    19 |    89 |     4 ||   222
       Javelin           |       |       |       |    42 |       ||    42
Invok: Berserk           |       |       |     1 |    10 |     1 ||    12
       Burn Spellbooks   |       |       |       |     3 |       ||     3
       Trog's Hand       |       |       |       |       |     1 ||     1
 Abil: Evoke Flight      |       |       |       |     1 |       ||     1
  Use: Scroll            |     3 |     7 |     5 |    17 |       ||    32
       Potion            |       |       |     1 |     4 |       ||     5
  Eat: Chunk             |     3 |     6 |     9 |    16 |       ||    34
       Meat ration       |       |     2 |       |     2 |       ||     4
       Beef jerky        |       |       |       |     1 |       ||     1
       Royal jelly       |       |       |       |     2 |       ||     2
       Pizza             |       |       |       |     2 |       ||     2
Armor: Ring mail         |    24 |    50 |   134 |   152 |     4 ||   364
       Ice dragon scales |       |       |       |    10 |       ||    10
Dodge: Dodged            |    49 |    62 |   219 |   318 |    14 ||   662
       Rpst.: Long sword |     7 |       |       |    38 |     6 ||    51
       Great sword       |       |       |     5 |       |       ||     5
       Falchion          |       |       |       |    20 |       ||    20
